[Event "*** Titled Tuesday Blitz"]
[Site "Chess.com"]
[Date "2021.02.02"]
[Round "3"]
[White "seorobert1971"]
[Black "Shepherdboy"]
[Result "1/2-1/2"]
[WhiteElo "2738"]
[BlackElo "2416"]
[TimeControl "180+1"]
[EndTime "10:28:39 PST"]
[Termination "Game drawn by agreement"]

1. d4 Nf6 2. c4 g6 3. Nc3 d5 4.
Bg5 Ne4 5. Bh4 Nxc3 6. bxc3 dxc4 7. e3 Be6 8. Nh3 Bh6 9. Bg5 Bxg5 10. Nxg5 Bd5 11. e4 h6 12. exd5 hxg5 13. Bxc4 Nd7 14. Qf3 O-O 15. h4 g4 16. Qxg4 Nf6 17. Qf3 Qd6 18.
O-O c6 19. dxc6 Qxc6 20. Qxc6 bxc6 21. Rfe1 e6 22. Rab1 c5 23. dxc5 Rfc8 24. Rb5 Rc6 25. Ra5 Rac8 26. Rxa7 Rxc5 27. Bb3 Rxc3 28. Ra4 Nd7 29.
Rd4 Nc5 30. Re3 Rxe3 31. fxe3 Nxb3 32. axb3 Rc3 33. Kf2 1/2-1/2

[Event "*** Titled Tuesday Blitz"]
[Site "Chess.com"]
[Date "2021.02.02"]
[Round "3"]
[White "tdf98pantani"]
[Black "Skat2704"]
[Result "1-0"]
[WhiteElo "2760"]
[BlackElo "2500"]
[TimeControl "180+1"]
[EndTime "10:28:41 PST"]
[Termination "tdf98pantani won by resignation"]

1. c4 c5 2. Nf3 Nc6 3. Nc3 g6 4. e3 Bg7 5. d4 cxd4 6. exd4 Nf6 7. d5 Nb8 8. Be2 O-O 9. O-O d6 10. Re1 Nbd7 11. Bf1 Nc5 12. h3 Bd7 13. Be3 Rc8 14. Bd4 a6 15. Qd2 e5 16. dxe6 Bxe6 17. Rad1 Qc7 18.
b3 Rfd8 19. Ng5 Bf5 20. g4 Bd7 21. Qf4 d5 22. Be5 Qc6 23. Nxd5 Nxd5 24. Qxf7+ 1-0

[Event "*** Titled Tuesday Blitz"]
[Site "Chess.com"]
[Date "2021.02.02"]
[Round "3"]
[White "Sharpchess22"]
[Black "VALPARAISO37"]
[Result "0-1"]
[WhiteElo "2691"]
[BlackElo "2452"]
[TimeControl "180+1"]
[EndTime "10:28:41 PST"]
[Termination "VALPARAISO37 won by resignation"]

1. d4 Nf6 2. c4 e6 3. Nc3 Bb4 4. e3 O-O 5. Nf3 d5 6. Bd3 a6 7. O-O dxc4 8. Bxc4 b5 9. Bd3 Bb7 10. Qe2 c5 11. a3 Ba5 12. Rd1 Qc7 13. dxc5 Bxc3 14. bxc3 Nbd7 15. a4 bxa4 16. Rxa4 Nxc5 17. Rc4 Qb6 18. Ba3 Nxd3 19. Bxf8 Bxf3 20. gxf3 Ne5 21.
Ba3 Qb5 22. Rdd4 Nd5 23. f4 Nxc3 24. Qd2 Nf3+ 0-1

[Event "*** Titled Tuesday Blitz"]
[Site "Chess.com"]
[Date "2021.02.02"]
[Round "3"]
[White "Pantata007"]
[Black "Squirlolz"]
[Result "0-1"]
[WhiteElo "2244"]
[BlackElo "2482"]
[TimeControl "180+1"]
[EndTime "10:28:47 PST"]
[Termination "Squirlolz won by resignation"]

1. d4 e6 2. c4 b6 3. e4 Bb7 4.
Bd3 Nc6 5. Nf3 Nb4 6. O-O g6 7. Nc3 Nxd3 8. Qxd3 Bg7 9. Bg5 Ne7 10. e5 O-O 11.
Ne4 Bxe4 12. Qxe4 f5 13. Qh4 Rf7 14. d5 Qf8 15. Rad1 Re8 16. dxe6 dxe6 17. Rd7 h6 18.
Bxe7 Rexe7 19. Rxe7 Rxe7 20. Rd1 Qe8 21. Qd4 Qc6 22.
h4 Kf7 23. b3 Bf8 24. g3 Qxf3 0-1

[Event "*** Titled Tuesday Blitz"]
[Site "Chess.com"]
[Date "2021.02.02"]
[Round "3"]
[White "vladjianu"]
[Black "rasmussvane"]
[Result "0-1"]
[WhiteElo "2584"]
[BlackElo "2866"]
[TimeControl "180+1"]
[EndTime "10:28:51 PST"]
[Termination "rasmussvane won by resignation"]

1. d4 d5 2. Nf3 e6 3. g3 Nf6 4. Bg2 Be7 5. O-O O-O 6. c4 dxc4 7. Qc2 a6 8. a4 Bd7 9. Qxc4 Bc6 10. Bg5 Nbd7 11.
Nc3 h6 12. Bxf6 Nxf6 13. Rfe1 Bd5 14. Qd3 Bxf3 15. Bxf3 c6 16. e3 Qb6 17. a5 Qc7 18. Qc4 Rfd8 19. Kg2 Rac8 20. Ne4 g6 21. b4 Kg7 22. h4 Nxe4 23. Bxe4 h5 24. Rac1 Bd6 25. Bb1 Qe7 26. Re2 Bxb4 27. Ra2 Rd5 28. Be4 Rxa5 29. Rxa5 Bxa5 30. d5 exd5 31. Bxd5 Rd8 32. Bf3 Rd2 33. Kg1 Qf6 34. Kg2 Bb6 35. Qb3 Qb2 36. Rb1 Rxf2+ 37. Kg1 Qxb3 38. Rxb3 Rxf3 0-1

[Event "*** Titled Tuesday Blitz"]
[Site "Chess.com"]
[Date "2021.02.02"]
[Round "3"]
[White "Supernotar"]
[Black "jpS520"]
[Result "1-0"]
[WhiteElo "2774"]
[BlackElo "2276"]
[TimeControl "180+1"]
[EndTime "10:28:51 PST"]
[Termination "Supernotar won by resignation"]

1. d4 Nf6 2. c4 e6 3. Nf3 b6 4. g3 Bb4+ 5. Nbd2 Ba6 6. Qc2 c5 7. Bg2 Bb7 8. O-O cxd4 9. Nxd4 Bxg2 10. Kxg2 O-O 11. b3 Nc6 12. Bb2 Nxd4 13. Bxd4 Qe7 14. Rfd1 Rac8 15. Qb2 Bc5 16. Nf3 Bxd4 17. Rxd4 d5 18.
Ne5 dxc4 19. Nxc4 Rfd8 20. Rad1 h6 21. Nd6 Rb8 22. e4 Ne8 23. e5 Nxd6 24. exd6 Qd7 25.
Rg4 f5 26. Rgd4 Rbc8 27. Qe2 Re8 28. Qe5 Qc6+ 29. Kg1 Qd7 30. h4 Rc6 31. b4 Rcc8 32. Kh2 Rc2 33. R1d2 Rxd2 34. Rxd2 Rc8 35. b5 Rc5 36.
Qb2 Rxb5 37. Qxb5 Qxb5 38. d7 1-0

[Event "*** Titled Tuesday Blitz"]
[Site "Chess.com"]
[Date "2021.02.02"]
[Round "3"]
[White "Noam_Vitenberg"]
[Black "cassoulet"]
[Result "0-1"]
[WhiteElo "2505"]
[BlackElo "2763"]
[TimeControl "180+1"]
[EndTime "10:29:01 PST"]
[Termination "cassoulet won by checkmate"]

1. Nf3 Nf6 2. e3 d5 3. Be2 g6 4. O-O Bg7 5. d4 O-O 6. c4 dxc4 7. Bxc4 a6 8. Nc3 b5 9. Be2 Bb7 10. b3 Nbd7 11. Bb2 c5 12. Rc1 Rc8 13. Qd2 Qa5 14.
Rfd1 Rfd8 15. Qe1 c4 16. bxc4 b4 17. Nd5 Bxd5 18. cxd5 Qxa2 19. Qd2 Ne4 20. Rxc8 Rxc8 21. Qxb4 Rb8 22. Qxe7 Qxb2 23. Bxa6 Qxf2+ 24. Kh1 Qxe3 25. Re1 Nf2+ 26. Kg1 Nh3+ 27. Kh1 Qg1+ 28. Rxg1 Nf2# 0-1

[Event "*** Titled Tuesday Blitz"]
[Site "Chess.com"]
[Date "2021.02.02"]
[Round "3"]
[White "Cocaino74"]
[Black "poliplaza"]
[Result "1-0"]
[WhiteElo "2285"]
[BlackElo "2494"]
[TimeControl "180+1"]
[EndTime "10:29:03 PST"]
[Termination "Cocaino74 won by resignation"]

1. e4 c5 2. Nf3 e6 3. c3 Nf6 4. e5 Nd5 5. g3 Nc6 6. Bg2 Be7 7. O-O O-O 8. d4 b6 9. c4 Ndb4 10. d5 exd5 11. cxd5 Na5 12. d6 Bxd6 13. exd6 Ba6 14. a3 Bxf1 15. Qxf1 Nb3 16. Bg5 Qc8 17. Nc3 Nxa1 18.
axb4 Nb3 19. Nd5 Kh8 20. Be7 Re8 21. Ne5 f6 22. Nxf6 Rxe7 23. dxe7 gxf6 24. Nf7+ Kg7 25.
Nd6 1-0

[Event "*** Titled Tuesday Blitz"]
[Site "Chess.com"]
[Date "2021.02.02"]
[Round "3"]
[White "NiranjanNavalgund"]
[Black "MaxLeto"]
[Result "1-0"]
[WhiteElo "2523"]
[BlackElo "2340"]
[TimeControl "180+1"]
[EndTime "10:29:04 PST"]
[Termination "NiranjanNavalgund won by resignation"]

1. e4 c5 2. d4 cxd4 3. c3 dxc3 4. Nf3 Nc6 5. Bc4 e6 6. O-O Nge7 7. Nxc3 a6 8. Bg5 b5 9. Bb3 h6 10. Bh4 Bb7 11. Nd5 Na5 12. Re1 Nxb3 13. Qxb3 Bc6 14. Nd4 Qb8 15. Bg3 d6 16. Nxe7 1-0

[Event "*** Titled Tuesday Blitz"]
[Site "Chess.com"]
[Date "2021.02.02"]
[Round "3"]
[White "PSvidler"]
[Black "temiksmozg"]
[Result "1/2-1/2"]
[WhiteElo "2893"]
[BlackElo "2612"]
[TimeControl "180+1"]
[EndTime "10:29:05 PST"]
[Termination "Game drawn by agreement"]

1. Nf3 d5 2. g3 Nf6 3. Bg2 Bg4 4. O-O c6 5. c4 e6 6. Qb3 Qb6 7. d3 Qxb3 8. axb3 Nbd7 9. Be3 a6 10. Nc3 Bc5 11.
Bxc5 Nxc5 12. b4 Nb3 13. Ra3 Bxf3 14. Bxf3 dxc4 15. b5 O-O 16. bxc6 bxc6 17. Bxc6 Rab8 18. Rd1 Nd4 19. Rxa6 cxd3 20. Rxd3 Nxc6 21. Rxc6 Rxb2 22. Kg2 h5 23. h3 1/2-1/2

[Event "*** Titled Tuesday Blitz"]
[Site "Chess.com"]
[Date "2021.02.02"]
[Round "3"]
[White "MillyNeuf"]
[Black "MoreChessJulia"]
[Result "0-1"]
[WhiteElo "2336"]
[BlackElo "2157"]
[TimeControl "180+1"]
[EndTime "10:29:05 PST"]
[Termination "MoreChessJulia won by resignation"]

1. e4 g6 2. d4 Bg7 3. Nc3 c5 4. Be3 Nc6 5. Nf3 cxd4 6. Nxd4 Nf6 7. Nxc6 bxc6 8. e5 Ng8 9. f4 e6 10. Bc5 Ne7 11. Bd3 O-O 12. Qf3 f6 13. Qe4 fxe5 14. fxe5 Rf5 15. O-O-O Rxe5 16. Qb4 Nd5 17. Nxd5 Rxd5 18.
Bc4 Qg5+ 19. Kb1 Rxc5 20. h4 Qe5 21. c3 Rb8 22. Qa4 Rxb2+ 23. Kxb2 Qxc3+ 0-1

[Event "*** Titled Tuesday Blitz"]
[Site "Chess.com"]
[Date "2021.02.02"]
[Round "3"]
[White "MarcoRiehle"]
[Black "InitiatingASC"]
[Result "1-0"]
[WhiteElo "2691"]
[BlackElo "2430"]
[TimeControl "180+1"]
[EndTime "10:29:08 PST"]
[Termination "MarcoRiehle won by resignation"]

1. e4 c5 2. a3 Nc6 3. b4 cxb4 4.
axb4 d6 5. b5 Ne5 6. d4 Nd7 7. f4 g6 8. Nf3 Bg7 9. Bc4 Ngf6 10. e5 Ng4 11. Bxf7+ Kxf7 12. e6+ Ke8 13. exd7+ Bxd7 14. O-O Qb6 15. c4 Rf8 16. h3 Nh6 17.
Be3 Nf5 18. Bf2 Kf7 19. Qb3 Qc7 20. c5+ Ke8 21. Nc3 e6 22. b6 Qb8 23. c6 bxc6 24. b7 Ke7 25. Rfe1 a5 26. bxa8=Q Qxb3 27. Qxa5 Rc8 28.
Rab1 Qc2 29. Ne4 Bh6 30. Neg5 c5 31. Rb7 cxd4 32. Rxe6+ 1-0

[Event "*** Titled Tuesday Blitz"]
[Site "Chess.com"]
[Date "2021.02.02"]
[Round "3"]
[White "Katheksis"]
[Black "MikeSailer"]
[Result "1-0"]
[WhiteElo "2491"]
[BlackElo "2182"]
[TimeControl "180+1"]
[EndTime "10:29:10 PST"]
[Termination "Katheksis won by resignation"]

1. e4 d5 2. exd5 Qxd5 3. Nc3 Qd6 4. d4 Nf6 5. Nf3 c6 6. g3 Bf5 7. Bg2 e6 8. O-O Be7 9. Ne5 h6 10. Bf4 Qd8 11. Re1 O-O 12. Qd2 Nbd7 13. Rad1 Nxe5 14.
Bxe5 Bd6 15. Qf4 Bxe5 16. dxe5 Nd5 17. Bxd5 cxd5 18. Nxd5 exd5 19. Qxf5 Qa5 20. a3 Rfe8 21. e6 fxe6 22. Rxe6 Red8 23. Re7 Qb5 24. Qf7+ 1-0

[Event "*** Titled Tuesday Blitz"]
[Site "Chess.com"]
[Date "2021.02.02"]
[Round "3"]
[White "LileKoridze"]
[Black "mikolka1985"]
[Result "0-1"]
[WhiteElo "2378"]
[BlackElo "2567"]
[TimeControl "180+1"]
[EndTime "10:29:12 PST"]
[Termination "mikolka1985 won by resignation"]

1. d4 Nf6 2. c4 e6 3. Nf3 d5 4.
g3 dxc4 5. Bg2 Bb4+ 6. Bd2 a5 7.
O-O O-O 8. Bg5 h6 9. Bxf6 Qxf6 10. Qc2 Nc6 11. Qxc4 e5 12. d5 Nb8 13. Qxc7 e4 14. Nfd2 Qxb2 15. a3 Bxd2 16. Nxd2 Qxd2 17. Bxe4 Qd4 18.
Bg2 Na6 19. Qc2 Bd7 20. Rad1 Qc5 21. Qb3 Qd6 22. Qxb7 Rfb8 0-1

[Event "*** Titled Tuesday Blitz"]
[Site "Chess.com"]
[Date "2021.02.02"]
[Round "3"]
[White "Treasurechess777"]
[Black "Virgo15"]
[Result "0-1"]
[WhiteElo "2405"]
[BlackElo "2605"]
[TimeControl "180+1"]
[EndTime "10:29:15 PST"]
[Termination "Virgo15 won by resignation"]

1. Nf3 Nf6 2. b3 a5 3. Bb2 a4 4.
b4 e6 5. a3 b6 6. e3 Bb7 7. d4 Be7 8. c4 O-O 9. Bd3 d5 10. c5 bxc5 11. bxc5 Ba6 12. O-O Bxd3 13. Qxd3 Nc6 14. Nbd2 Qb8 15. Bc3 Qa7 16. Rab1 Rfb8 17.
e4 dxe4 18. Nxe4 Rb3 19. Neg5 h6 20. Nh3 Qa6 21. Qxa6 Rxa6 22. Bb4 Nd5 23. Rxb3 axb3 24. Rb1 Ncxb4 25. axb4 b2 26. Nd2 Ra2 27. b5 Nc3 28. Kf1 Nxb1 0-1

[Event "*** Titled Tuesday Blitz"]
[Site "Chess.com"]
[Date "2021.02.02"]
[Round "3"]
[White "dopolian"]
[Black "vugarrasulov"]
[Result "0-1"]
[WhiteElo "2441"]
[BlackElo "2741"]
[TimeControl "180+1"]
[EndTime "10:29:16 PST"]
[Termination "vugarrasulov won on time"]

1. e4 c5 2. Nf3 e6 3. d4 cxd4 4. Nxd4 a6 5. Bd3 Bc5 6. Nb3 Ba7 7. O-O d6 8. c4 Nf6 9. Nc3 O-O 10.
Qe2 Nc6 11. Be3 e5 12. Bxa7 Rxa7 13. Rfd1 Be6 14. Rac1 b6 15. Nd5 Rd7 16. Bb1 a5 17. f3 a4 18. Na1 Nd4 19. Qf2 Bxd5 20. cxd5 a3 21. Nb3 Nxb3 22. axb3 axb2 23. Qxb2 Rc7 24. Rxc7 Qxc7 25. Rc1 Qa7 26. Rc6 b5+ 27. Qf2 Qa3 28.
Bc2 h5 29. h4 Ra8 30. Kh2 Nd7 31. Bd1 Nf8 32. Qb6 Qa1 33. Bc2 Qe1 0-1

[Event "*** Titled Tuesday Blitz"]
[Site "Chess.com"]
[Date "2021.02.02"]
[Round "3"]
[White "imdvb6307"]
[Black "exoticprincess"]
[Result "0-1"]
[WhiteElo "2372"]
[BlackElo "2851"]
[TimeControl "180+1"]
[EndTime "10:29:16 PST"]
[Termination "exoticprincess won by resignation"]

1. c4 c6 2. d4 d5 3. cxd5 cxd5 4.
Nc3 Nc6 5. Bf4 Nf6 6. e3 Bd7 7. Nf3 e6 8. Rc1 Be7 9. Bd3 O-O 10. O-O Qa5 11. Nd2 Rfc8 12. Nb3 Qd8 13. Na4 Nb4 14.
Nac5 Nxd3 15. Qxd3 Bc6 16. Bg5 h6 17. Bh4 b6 18.
Na6 Qd7 19. Rxc6 Rxc6 20. Qb5 Rac8 21. a4 Qd8 22. Nb8 Rc2 23. Na1 Rc1 24. Na6 Rxf1+ 25. Qxf1 Ne4 26. Bxe7 Qxe7 27. f3 Nd2 28. Qd1 Nc4 29.
Qe2 Na5 30. Nc2 Rc4 31. b4 Qb7 32. b5 Rxa4 33. Ncb4 Qc8 34. Nc6 Nxc6 35. Qc2 Rc4 0-1

[Event "*** Titled Tuesday Blitz"]
[Site "Chess.com"]
[Date "2021.02.02"]
[Round "3"]
[White "Jospem"]
[Black "bogcsab"]
[Result "1-0"]
[WhiteElo "3044"]
[BlackElo "2171"]
[TimeControl "180+1"]
[EndTime "10:29:20 PST"]
[Termination "Jospem won by resignation"]

1. e4 d6 2. d4 Nf6 3. Nc3 g6 4. f3 c6 5. a4 Nbd7 6. Be3 e5 7. Qd2 Qc7 8. Nge2 Nb6 9. b3 a5 10. O-O-O Be6 11. h4 O-O-O 12. dxe5 Ne8 13. Qd4 c5 14. exd6 cxd4 15. dxc7 Nxc7 16. Nxd4 Nd7 17. Nxe6 Nxe6 18. Bc4 Bg7 19. Nb5 Ne5 20. Bxe6+ fxe6 21. Bb6 Bh6+ 22.
Kb1 Rd2 23. Rxd2 Bxd2 24. Bd4 Bf4 25. Nd6+ Kc7 26. Bxe5 Bxe5 27. Nf7 1-0

[Event "*** Titled Tuesday Blitz"]
[Site "Chess.com"]
[Date "2021.02.02"]
[Round "3"]
[White "Phriex"]
[Black "dozer80"]
[Result "0-1"]
[WhiteElo "2401"]
[BlackElo "2594"]
[TimeControl "180+1"]
[EndTime "10:29:23 PST"]
[Termination "dozer80 won by resignation"]

1. d4 Nf6 2. c4 e6 3. Nc3 Bb4 4. Qc2 b6 5. e4 c5 6. d5 O-O 7.
Ne2 exd5 8. cxd5 d6 9. Bg5 h6 10. Bh4 Re8 11. O-O-O a6 12. Bg3 b5 13. f3 Ba5 14. e5 dxe5 15. d6 Nc6 16. Ne4 Nd4 17. Nxd4 cxd4 18. Kb1 Bf5 19. Bd3 Rc8 20. Nxf6+ Qxf6 21. Qe2 Bxd3+ 22. Qxd3 Qxd6 23. Rc1 Qd5 24. Qf5 Rxc1+ 25.
Rxc1 d3 26. Rd1 d2 27. Qe4 Qxe4+ 28. fxe4 f5 29. a3 Rd8 30. b4 Bb6 31. Kc2 f4 32. Rxd2 Rxd2+ 33. Kxd2 fxg3 0-1

[Event "*** Titled Tuesday Blitz"]
[Site "Chess.com"]
[Date "2021.02.02"]
[Round "3"]
[White "Meri-Arabidze"]
[Black "Man-Chuk"]
[Result "0-1"]
[WhiteElo "2608"]
[BlackElo "2922"]
[TimeControl "180+1"]
[EndTime "10:29:25 PST"]
[Termination "Man-Chuk won by resignation"]

1. d4 d5 2. c4 e6 3. Nf3 Nf6 4. Nc3 c6 5. e3 Nbd7 6. Qc2 Be7 7. b3 O-O 8. Bd3 b6 9. O-O Bb7 10. Bb2 c5 11. cxd5 exd5 12. Bf5 g6 13. Bh3 Rc8 14. Rad1 c4 15. bxc4 Rxc4 16. Qb1 Qc7 17. Nb5 Qc6 18. Ne5 Qxb5 19. Nxc4 dxc4 20. f3 Nd5 21. Qe4 N7f6 22. Qe5 Qxb2 23. e4 Ne3 24. Qxe7 Nxd1 25. Rxd1 c3 0-1

[Event "*** Titled Tuesday Blitz"]
[Site "Chess.com"]
[Date "2021.02.02"]
[Round "3"]
[White "Pintacara"]
[Black "night_player"]
[Result "1-0"]
[WhiteElo "2507"]
[BlackElo "2263"]
[TimeControl "180+1"]
[EndTime "10:29:25 PST"]
[Termination "Pintacara won by checkmate"]

1. d4 f5 2. Bg5 g6 3. h4 Nf6 4. Bxf6 exf6 5. e3 d5 6. c4 c6 7. cxd5 cxd5 8. Nc3 Nc6 9. Nge2 Bg7 10. Nf4 Ne7 11. h5 g5 12. h6 Bf8 13. Nh5 Kf7 14. Bd3 Be6 15. Ng3 Qd7 16. Qh5+ Ng6 17. Qf3 Ne7 18.
Rc1 Rc8 19. Qh5+ Ng6 20. O-O Bd6 21. Nge2 Rhe8 22. f4 g4 23. Ng3 Kg8 24. Nxf5 Bxf5 25. Bxf5 Qe7 26. Bxc8 Rxc8 27. Qxg4 Qxe3+ 28. Kh1 Re8 29. Nxd5 Qxd4 30. Rc8 Rxc8 31. Qxc8+ Kf7 32. Qxb7+ Ke6 33.
Re1+ Kf5 34. Qd7# 1-0

[Event "*** Titled Tuesday Blitz"]
[Site "Chess.com"]
[Date "2021.02.02"]
[Round "3"]
[White "Tiradini007"]
[Black "Manukyan_Artak"]
[Result "0-1"]
[WhiteElo "2211"]
[BlackElo "2435"]
[TimeControl "180+1"]
[EndTime "10:29:25 PST"]
[Termination "Manukyan_Artak won by resignation"]

1. e4 c6 2. d4 d5 3. Nc3 dxe4 4. Nxe4 Nf6 5. Ng3 Bg4 6. Be2 Bxe2 7. N1xe2 e6 8. O-O Bd6 9. c3 Nbd7 10. Bf4 Bxf4 11. Nxf4 O-O 12. Nd3 b5 13. Qe2 a5 14. Ne4 Nxe4 15. Qxe4 Qb6 16. Ne5 Nxe5 17. Qxe5 Rfd8 18. Rad1 Rd5 19. Qe4 Rad8 20. Qg4 b4 21. Qe2 c5 22. dxc5 Qxc5 23. cxb4 axb4 24. h3 h5 25. Rxd5 Qxd5 26. b3 g6 27. Rc1 Qd2 28. Rc2 Qxe2 29. Rxe2 Kf8 30. Re4 Rb8 31. Kf1 Ke7 32. Ke2 f5 33.
Kd3 fxe4+ 0-1

[Event "*** Titled Tuesday Blitz"]
[Site "Chess.com"]
[Date "2021.02.02"]
[Round "3"]
[White "pavet"]
[Black "KononenkoD"]
[Result "0-1"]
[WhiteElo "2332"]
[BlackElo "2528"]
[TimeControl "180+1"]
[EndTime "10:29:27 PST"]
[Termination "KononenkoD won by resignation"]

1. e4 c6 2. d4 d5 3. e5 Bf5 4. h4 h5 5. Bg5 Qb6 6. Bd3 Bxd3 7. Qxd3 e6 8. Nd2 Qa6 9. c4 Bb4 10. b3 Bxd2+ 11. Qxd2 dxc4 12. bxc4 Qxc4 13. Ne2 Nd7 14. O-O Nh6 15. Rab1 Nb6 16. Rfc1 Qd5 17. Nf4 Qd7 18. Nxh5 Nf5 19. Nf4 Nxh4 20. Bxh4 Rxh4 21. a4 O-O-O 22. g3 Rxf4 23. Qxf4 Rh8 24. a5 Qd5 25. f3 Qa2 26. axb6 Rh2 0-1

[Event "*** Titled Tuesday Blitz"]
[Site "Chess.com"]
[Date "2021.02.02"]
[Round "3"]
[White "sergeikim"]
[Black "NovikovaGalina"]
[Result "1-0"]
[WhiteElo "2513"]
[BlackElo "2266"]
[TimeControl "180+1"]
[EndTime "10:29:28 PST"]
[Termination "sergeikim won by resignation"]

1. d4 e6 2. c4 d5 3. Nc3 c6 4. e3 f5 5. Nf3 Nf6 6. Ne5 Bd6 7. Bd3 O-O 8. O-O Ne4 9. f4 Nd7 10. Bd2 Ndf6 11. Be1 Qe8 12. Rc1 b6 13. cxd5 cxd5 14. Nb5 Qe7 15. Nxd6 Qxd6 16. a3 a5 17. Rc6 Qd8 18.
Qc1 Ba6 19. Bxa6 Rxa6 20. Rxe6 Ng4 21. h3 Ngf6 22. Bh4 Ra7 23. Bxf6 Rxf6 24. Nc6 Qa8 25. Rxf6 Nxf6 26. Nxa7 Qxa7 27. Qc8+ Kf7 28. Rc1 Kg6 29. Rc7 1-0

[Event "*** Titled Tuesday Blitz"]
[Site "Chess.com"]
[Date "2021.02.02"]
[Round "3"]
[White "Joseacorrea"]
[Black "isla88"]
[Result "0-1"]
[WhiteElo "2018"]
[BlackElo "2311"]
[TimeControl "180+1"]
[EndTime "10:29:29 PST"]
[Termination "isla88 won on time"]

1. c4 c5 2. Nc3 Nc6 3. Nf3 e5 4. g3 g6 5. Bg2 Bg7 6. O-O Nge7 7.
d3 O-O 8. Bg5 h6 9. Bd2 f5 10.
Qc1 Kh7 11. e4 d6 12. Nd5 Nxd5 13. cxd5 Ne7 14. h3 g5 15. Qd1 f4 16. g4 Ng6 17.
b4 cxb4 18. Bxb4 a5 19. Ba3 b5 20. Rc1 b4 21. Bb2 Ba6 22. Re1 Qb6 23. d4 a4 24.
dxe5 Nxe5 25. Bxe5 dxe5 26. Rc6 Qb7 27. Qc2 b3 28. axb3 axb3 29. Qb2 Bd3 30. Bf1 Ra2 0-1

[Event "*** Titled Tuesday Blitz"]
[Site "Chess.com"]
[Date "2021.02.02"]
[Round "3"]
[White "Milchone1"]
[Black "Kale36"]
[Result "1-0"]
[WhiteElo "2509"]
[BlackElo "2289"]
[TimeControl "180+1"]
[EndTime "10:29:30 PST"]
[Termination "Milchone1 won by resignation"]

1. Nf3 Nc6 2. d4 d6 3. c4 Bg4 4.
d5 Ne5 5. Nxe5 dxe5 6. h3 Bd7 7. e4 g6 8. Nc3 Bg7 9. Bd3 Nf6 10. O-O O-O 11. g4 a5 12. Be3 b6 13. f3 Ne8 14.
Kg2 Nd6 15. b3 f5 16. Rc1 f4 17. Bf2 h5 18. Rh1 g5 19. a3 h4 20. Qe2 e6 21.
b4 Rf6 22. c5 axb4 23. axb4 bxc5 24. bxc5 Nf7 25. c6 Bc8 26. Ra1 Rxa1 27. Rxa1 exd5 28. exd5 Nd6 29. Be4 Bf8 30. Ra8 Be7 31. Nb5 Nxb5 32. Qxb5 Rf8 33. Bf5 Rxf5 34. gxf5 g4 35. hxg4 h3+ 36.
Kh2 Kg7 37. Qb8 Bh4 38. Qxc8 Bg3+ 39. Bxg3 fxg3+ 40. Kxg3 Qd6 41. Qh8+ Kf7 42. Qh7+ 1-0

[Event "*** Titled Tuesday Blitz"]
[Site "Chess.com"]
[Date "2021.02.02"]
[Round "3"]
[White "Beltraxtor"]
[Black "Firstov"]
[Result "0-1"]
[WhiteElo "2574"]
[BlackElo "2438"]
[TimeControl "180+1"]
[EndTime "10:29:31 PST"]
[Termination "Firstov won by resignation"]

1. e4 b6 2. d4 Bb7 3. Bd3 e6 4. Qe2 Nf6 5. f4 d5 6. e5 Ne4 7. Nd2 Qh4+ 8. g3 Nxg3 9. Qf2 Nf5 10. Bxf5 Qxf2+ 11. Kxf2 exf5 12. Ngf3 Be7 13. a4 a5 14. b3 Nd7 15. c4 Nf8 16. Ba3 Ne6 17. Ke3 Bxa3 18. Rxa3 O-O-O 19. Rc1 Rd7 20. Ng5 dxc4 21.
Nxe6 fxe6 22. bxc4 Rhd8 23. Nb3 c5 24. Rd1 Ba6 25. d5 exd5 26. cxd5 Rxd5 27. Rxd5 Rxd5 28. Nd2 Kd7 29. Rb3 Kc6 30. h4 c4 31. Rb1 Rd3+ 32. Ke2 c3 33. Nf3 c2 0-1

[Event "*** Titled Tuesday Blitz"]
[Site "Chess.com"]
[Date "2021.02.02"]
[Round "3"]
[White "chescomhuynya"]
[Black "KubaGepard"]
[Result "0-1"]
[WhiteElo "2504"]
[BlackElo "2332"]
[TimeControl "180+1"]
[EndTime "10:29:31 PST"]
[Termination "KubaGepard won by checkmate"]

1. d4 d5 2. c4 dxc4 3. Nf3 c5 4. e3 e6 5. Bxc4 Nc6 6. O-O Nf6 7. dxc5 Qc7 8. a3 Bxc5 9. b4 Bd6 10. Qe2 O-O 11.
Bb2 a5 12. b5 Ne5 13. Nbd2 Nxf3+ 14. Nxf3 e5 15. h3 Qe7 16. Rfd1 Be6 17. Bxe6 Qxe6 18.
Rac1 Rfc8 19. Rxc8+ Rxc8 20. Qd2 Ne8 21. Qxa5 e4 22.
Nd4 Qe5 23. g3 Qh5 24. Qd2 Qxh3 25. Ne2 h5 26. Qd4 Rd8 27. Qxe4 Bxg3 28. fxg3 Rxd1+ 29. Kf2 Rf1# 0-1

[Event "*** Titled Tuesday Blitz"]
[Site "Chess.com"]
[Date "2021.02.02"]
[Round "3"]
[White "wonderfultime"]
[Black "Sanyura"]
[Result "1-0"]
[WhiteElo "3013"]
[BlackElo "2709"]
[TimeControl "180+1"]
[EndTime "10:29:34 PST"]
[Termination "wonderfultime won by resignation"]

1. d4 Nf6 2. Nf3 g6 3. Bg5 Bg7 4. Nbd2 O-O 5. c3 d5 6. e3 c5 7.
Bd3 Nbd7 8. O-O b6 9. a4 a5 10. Qe2 Bb7 11. Rfd1 h6 12. Bh4 Re8 13. Bb5 Qc8 14.
Ne5 Rf8 15. Nxd7 Nxd7 16. Bxe7 Re8 17. Bd6 cxd4 18. cxd4 Bxd4 19. Rac1 Bc5 20. Nb3 Bc6 21. Bxc5 bxc5 22. Nxc5 Bxb5 23. Qxb5 Nxc5 24. Rxc5 Qg4 25. Rcxd5 Rab8 26. Qxa5 Rxb2 27. Qc3 Qe2 28. Qf6 Rbb8 29. h4 Qa2 30. h5 gxh5 31. Qxh6 1-0

[Event "*** Titled Tuesday Blitz"]
[Site "Chess.com"]
[Date "2021.02.02"]
[Round "3"]
[White "HackingKid98"]
[Black "BlueWizzard"]
[Result "0-1"]
[WhiteElo "2449"]
[BlackElo "2769"]
[TimeControl "180+1"]
[EndTime "10:29:36 PST"]
[Termination "BlueWizzard won by resignation"]

1. d4 a6 2. g3 c5 3. Bg2 cxd4 4. Nf3 e5 5. O-O Nc6 6. c3 d5 7. cxd4 e4 8. Ne5 Bd6 9. Nxc6 bxc6 10. Nc3 Ne7 11. Bg5 O-O 12. Rc1 f6 13. Bd2 Ng6 14. Na4 Bd7 15. Nc5 f5 16. Qa4 Bxc5 17. Rxc5 f4 18. Rfc1 Qf6 19. Be1 e3 20. Bf3 Kh8 21. fxe3 fxe3 22. Qa3 Qg5 23. R1c3 Rae8 24. Qxa6 Nh4 25.
Qd3 Bh3 26. Rc1 Nxf3+ 27. exf3 Rxf3 28. Ba5 Ref8 29. Rxc6 Rxg3+ 30. Kh1 Bg2+ 31. Kg1 Be4+ 0-1

[Event "*** Titled Tuesday Blitz"]
[Site "Chess.com"]
[Date "2021.02.02"]
[Round "3"]
[White "Agoking701"]
[Black "akanga001"]
[Result "1-0"]
[WhiteElo "2297"]
[BlackElo "1987"]
[TimeControl "180+1"]
[EndTime "10:29:39 PST"]
[Termination "Agoking701 won on time"]

1. b3 Nf6 2. Bb2 c5 3. e3 d5 4. Nf3 Nc6 5. Bb5 a6 6. Bxc6+ bxc6 7. Ne5 Qc7 8. d3 a5 9. a4 g6 10. Nd2 Bg7 11. f4 O-O 12. Ndf3 Rb8 13. Qd2 c4 14. dxc4 dxc4 15. Nxc4 Rd8 16. Qxa5 Qd7 17. Nfe5 Qe6 18.
Qxd8+ Bf8 19. O-O Ne4 20. Rad1 1-0

[Event "*** Titled Tuesday Blitz"]
[Site "Chess.com"]
[Date "2021.02.02"]
[Round "3"]
[White "GMKrikor"]
[Black "Grandmaster2B"]
[Result "1-0"]
[WhiteElo "2817"]
[BlackElo "2601"]
[TimeControl "180+1"]
[EndTime "10:29:40 PST"]
[Termination "GMKrikor won by resignation"]

1. Nf3 Nf6 2. c4 e6 3. Nc3 a6 4. b3 d5 5. e3 Be7 6. Bb2 O-O 7. Qc2 c5 8. cxd5 Nxd5 9. Nxd5 Qxd5 10. Bc4 Qd8 11.
h4 Nc6 12. Ng5 g6 13. Nxh7 Kxh7 14. h5 f5 15. hxg6+ Kxg6 16. g4 Bf6 17. gxf5+ exf5 18.
O-O-O Bh4 19. Rdg1+ Kh6 20. Qc3 Nd4 21. exd4 cxd4 22. Qxd4 Qxd4 23. Bxd4 Kh5 24. f4 1-0